 Dungeon Crawl Stone Soup version 0.30-a0-263-ge22c4ad894 (webtiles) character file.

Game seed: 1648088956497161979

236 Anon1729 the Slasher (level 5, -4/48 HPs)
             Began as a Minotaur Monk on Oct 13, 2022.
             Slain by an orc
             ... wielding a +0 flail
              (9 damage)
             ... on level 4 of the Dungeon.
             The game lasted 00:02:33 (3149 turns).

Anon1729 the Slasher (Minotaur Monk)                Turns: 3149, Time: 00:02:34

Health: -4/48      AC:  3    Str: 18    XL:     5   Next: 77%
Magic:  4/4        EV: 13    Int:  7    God:
Gold:   233        SH:  0    Dex: 15    Spells: 4/4 levels left

rFire   . . .      SeeInvis .    a - +0 falchion
rCold   . . .      Faith    .    (no shield)
rNeg    . . .      Spirit   .    t - +0 leather armour of Dust Devil {Str+3}
rPois   .          Reflect  .    (helmet restricted)
rElec   .          Harm     .    (no cloak)
rCorr   .          Rampage  .    (no gloves)
Will    .....                    (no boots)
Stlth   ++........               (no amulet)
HPRegen 0.28/turn                (no ring)
MPRegen 0.09/turn                (no ring)

@: no status effects
A: horns 2, retaliatory headbutt
a: no special abilities


You were on level 4 of the Dungeon.
You visited 1 branch of the dungeon, and saw 4 of its levels.

You collected 233 gold pieces.

Inventory:

Hand Weapons
 a - a +0 falchion (weapon)
 g - a +0 short sword of holy wrath
 n - a +3 quarterstaff
Armour
 b - a +0 robe
 j - a +0 leather armour
 t - the +0 leather armour of Dust Devil (worn) {Str+3}
   (You found it on level 3 of the Dungeon)

   Str:       It affects your strength (+3).
Jewellery
 x - a +4 ring of evasion
Wands
 w - a wand of iceblast (13)
Scrolls
 f - 3 scrolls of butterflies {unknown}
 h - a scroll of blinking {unknown}
 i - 2 scrolls of teleportation {unknown}
 l - 3 scrolls of noise {unknown}
 m - a scroll of fear {unknown}
 p - 2 scrolls of identify {unknown}
 q - 3 scrolls of immolation {unknown}
 v - a scroll of brand weapon {unknown}
Potions
 c - a potion of ambrosia
 d - a potion of curing {unknown}
 e - 4 potions of heal wounds {unknown}
 k - 2 potions of mutation {unknown}
 o - 2 potions of might {unknown}
 r - a potion of lignification {unknown}
 s - a potion of invisibility {unknown}
 u - 2 potions of haste {unknown}


   Skills:
 + Level 5.0 Fighting
 + Level 5.1 Long Blades
 + Level 4.5 Dodging
 + Level 3.0 Stealth


You had 4 spell levels left.
You didn't know any spells.
Your spell library contained the following spells:

 Spells                   Type           Power      Damage    Failure   Level
 Ensorcelled Hibernation  Hex/Ice        0%         N/A       63%         2
 Passwall                 Tmut/Erth      0%         N/A       63%         2
 Frozen Ramparts          Ice            0%         1d1       86%         3
 Inner Flame              Hex/Fire       0%         N/A       86%         3
 Swiftness                Air            0%         N/A       86%         3
 Flame Wave               Conj/Fire      0%         2d4       99%         4
 Ice Form                 Ice/Tmut       0%         N/A       99%         4
 Sticky Flame             Conj/Fire      0%         2d3       99%         4
 Summon Ice Beast         Ice/Summ       0%         N/A       99%         4


Dungeon Overview and Level Annotations

Branches:
Dungeon (4/15)
 Temple: D:4-7

Altars:
Xom


Innate Abilities, Weirdness & Mutations

You have a pair of horns on your head.
You reflexively headbutt those who attack you in melee.


Message History

Throw: 3 darts (curare)
Press: ? - help, Q - select action, (/) - cycle Shift-Dir - straight line, f - scorpion
Aim: a scorpion (60% to hit)
You throw a curare-tipped dart.
The curare-tipped dart closely misses the scorpion.
You hear a sizzling splash.
You feel sick.
You hit the ball python.
You kill the ball python!
You feel sick.
You are no longer poisoned.
Throw: 2 darts (curare)
Press: ? - help, Q - select action, (/) - cycle Shift-Dir - straight line, f/p - scorpion
Aim: a scorpion (60% to hit)
You throw a curare-tipped dart.
The curare-tipped dart barely misses the scorpion.
The scorpion stings you.
* * * LOW HITPOINT WARNING * * *
Throw: dart (curare)
Press: ? - help, Q - select action, (/) - cycle Shift-Dir - straight line, f/p - scorpion
Aim: a scorpion (60% to hit)
You throw a curare-tipped dart.
The curare-tipped dart barely misses the scorpion.
The scorpion barely misses you. You furiously retaliate!
You headbutt the scorpion! The scorpion stings you.
* * * LOW HITPOINT WARNING * * *
You hit the scorpion.
The scorpion is heavily wounded.
The scorpion barely misses you.
You hit the scorpion. You headbutt the scorpion.
The scorpion is almost dead.
The scorpion stings you but does no damage.
You hit the scorpion but do no damage. Your headbutt misses the scorpion.
The scorpion is almost dead.
The scorpion stings you.
* * * LOW HITPOINT WARNING * * *
You hit the scorpion.
You kill the scorpion!
The orc hits you with a +0 flail!
You die...

#......###>...###....
##...#..#####.†..#..#
####...####...#....#.
##.##...#.###.#.......
##...#..#.......#....##
#.......#.........#..##
#..#.......#...#####..#
≈≈≈###.###......#...#
#...
..§≈....go@.....#...#
... ..J≈.....###)#.##
.. ... ☼.g≈...#.# #####
. ☼gg≈...### .o≈≈§#. ..
.≈≈#... .. .o.. [.
#####.#


You could see an orc and a hobgoblin.

Vanquished Creatures
  A phantom (D:4)
  A scorpion (D:4)
  A hound (D:3)
  5 adders
  3 worms
  4 dart slugs
  An orc (D:3)
  6 endoplasms
  3 giant cockroaches
  5 goblins
  6 hobgoblins
  8 kobolds
  4 quokkas
  9 ball pythons
  6 bats
  3 frilled lizards
  3 rats
69 creatures vanquished.

Vanquished Creatures (others)
  A hound (D:4)
  A goblin (D:4)
  A quokka (D:4)
3 creatures vanquished.

Grand Total: 72 creatures vanquished

Notes
Turn   | Place    | Note
-------+----------+-------------------------------------------
     0 | D:1      | Anon1729 the Minotaur Monk began the quest for the Orb.
     0 | D:1      | Reached XP level 1. HP: 19/19 MP: 0/0
   261 | D:1      | Reached XP level 2. HP: 27/27 MP: 1/1
  1063 | D:2      | Reached XP level 3. HP: 33/33 MP: 2/2
  1694 | D:3      | Reached XP level 4. HP: 30/41 MP: 3/3
  1706 | D:3      | Identified the +0 leather armour of Dust Devil {Str+3}
  2678 | D:4      | Reached XP level 5. HP: 37/47 MP: 4/4
  2752 | D:4      | Noticed an ogre
  3056 | D:4      | Noticed a phantom
  3058 | D:4      | Found a shimmering altar of Xom.
  3079 | D:4      | Killed a phantom
  3080 | D:4      | Reached skill level 5 in Fighting
  3080 | D:4      | Reached skill level 5 in Long Blades
  3149 | D:4      | Slain by an orc

Illustrated notes

Levels and vault maps discovered:
D:1:      psy_arrival_terrarium, layout_basic, minmay_misc_feat_doors,
          chequers_serial_rivers_micro_e
D:2:      layout_basic
D:3:      layout_loops_ring
D:4:      layout_cave_pools, xom_confusion_cloud

Skill      XL: |  1  2  3  4  5 |
---------------+----------------+-----
Long Blades    | 4 5 |  5.1
Stealth        | 2 3 |  3.0
Fighting       | 4 5 |  5.0
Dodging        | 4 |  4.5

Action                   |  1- 3 |  4- 6 || total
-------------------------+-------+-------++-------
Melee: Falchion          |    70 |    71 ||   141
       Headbutt          |    15 |    10 ||    25
       Punch             |     2 |     2 ||     4
       Short sword       |       |    10 ||    10
Throw: Dart              |       |     3 ||     3
 Stab: Sleeping          |     4 |     3 ||     7
Armor: Leather armour    |    12 |    11 ||    23
Dodge: Dodged            |    45 |    61 ||   106

Table legend: (Time is in decaauts)
 A = Elapsed time spent in this place.
 B = Non-inter-level travel time spent in this place.
 C = Inter-level travel time spent in this place.
 D = Time resting spent in this place.
 E = Time spent auto-exploring this place.
 F = Levels seen in this place.
 G = Mean time per level.
                   A        B        C        D        E       F      G
               +--------+--------+--------+--------+--------+-----+--------+
         Total |   3158 |   3064 |     94 |     94 |   2436 |   4 |  789.5 |
       Dungeon |   3158 |   3064 |     94 |     94 |   2436 |   4 |  789.5 |
               +--------+--------+--------+--------+--------+-----+--------+

Top non-repeatable levels by time:
     D:1: 953 daAuts
     D:3: 801 daAuts
     D:2: 726 daAuts
     D:4: 678 daAuts
